 Dungeon Crawl Stone Soup version 0.30-a0-722-g3e6e8c874d (webtiles) character file.

Game seed: 1177647738241956497

18032 Bnni the Skirmisher (level 12, -11/142 HPs)
             Began as a Formicid Hexslinger on Jan 28, 2023.
             Was a High Priest of Dithmenos.
             Mangled by a white ugly thing (31 damage)
             ... on level 12 of the Dungeon.
             The game lasted 00:32:54 (13681 turns).

Bnni the Skirmisher (Formicid Hexslinger)          Turns: 13681, Time: 00:32:55

Health: -11/142    AC: 26    Str: 15    XL:     12   Next: 90%
Magic:  1/19       EV:  2    Int: 16    God:    Dithmenos [*****.]
Gold:   190        SH:  5    Dex: 22    Spells: 8/21 levels left

rFire   + . .      SeeInvis .    a - +2 shortbow (flame)
rCold   . . .      Faith    .    (no shield)
rNeg    . . .      Spirit   .    (body armour currently unavailable)
rPois   +          Reflect  +    (helmet unavailable)
rElec   +          Harm     .    (cloak currently unavailable)
rCorr   .          Rampage  .    (gloves currently unavailable)
Will    +....                    (boots currently unavailable)
Stlth   +++                      t - amulet "Donkuhis" {Reflect rElec Slay+3 SH+5}
HPRegen 0.43/turn                O - ring of protection from fire
MPRegen 0.16/turn                u - +6 ring of dexterity

@: tree-form, wreathed by umbra
A: stationary, stasis, torment immunity, boosted hp, permanent stasis, dig
shafts and tunnels, (antennae 3), four strong arms
a: Renounce Religion, Shadow Step, Shadow Form


You were on level 12 of the Dungeon.
You worshipped Dithmenos.
Dithmenos was extremely pleased with you.
You were a tree.
You visited 2 branches of the dungeon, and saw 13 of its levels.
You also visited: Ossuary.

You collected 590 gold pieces.
You spent 400 gold pieces at shops.

Inventory:

Hand Weapons
 a - a +2 shortbow of flaming (weapon)
 I - a +0 arbalest
 L - a +0 shortbow of freezing
Missiles
 C - 3 curare-tipped darts
 D - 33 poisoned darts
Armour
 h - a +0 cloak (melded)
 i - a +0 pair of gloves (melded)
 l - the +4 scale mail of Xokup (melded) {rPois rCorr SInv}
   (You found it on level 2 of the Dungeon)

   rPois:     It protects you from poison.
   SInv:      It lets you see invisible.
   rCorr:     It protects you from acid and corrosion.
 M - a +0 pair of boots (melded)
 N - a +0 kite shield
Jewellery
 t - the amulet "Donkuhis" (around neck) {Reflect rElec Slay+3 SH+5}
   (You found it on level 4 of the Dungeon)

   [amulet of reflection]

   It reflects blocked missile attacks.
   Slay:      It affects your accuracy & damage with ranged weapons and melee
   (+3).
   rElec:     It insulates you from electricity.
   SH:        It affects your SH (+5).
 u - a +6 ring of dexterity (right branch)
 H - a ring of resist corrosion
 O - a ring of protection from fire (left branch)
Wands
 s - a wand of paralysis (40)
 x - a wand of mindburst (18)
 z - a wand of flame (82)
 E - a wand of digging (4)
 G - a wand of quicksilver (22)
 J - a wand of roots (8)
Scrolls
 b - a scroll of poison
 c - 4 scrolls of fear {unknown}
 f - 2 scrolls of enchant armour
 k - 2 scrolls of torment
 v - 2 scrolls of amnesia
 y - 3 scrolls of vulnerability
 B - 2 scrolls of silence
 F - 2 scrolls of magic mapping
 K - 2 scrolls of fog
 S - a scroll of brand weapon {unknown}
Potions
 d - 3 potions of curing
 e - 3 potions of brilliance
 g - 2 potions of lignification
 j - a potion of flight
 m - 3 potions of berserk rage
 n - a potion of attraction {unknown}
 o - 3 potions of haste
 p - 5 potions of mutation
 r - 2 potions of ambrosia {unknown}
 w - a potion of might {unknown}
 A - a potion of resistance {unknown}
 Q - a potion of cancellation {unknown}
 T - 2 potions of magic {unknown}
Miscellaneous
 P - a phial of floods
 R - a condenser vane


   Skills:
 + Level 9.3 Fighting
 * Level 12.1 Ranged Weapons
 + Level 8.9 Armour
 - Level 1.7 Dodging
 + Level 4.7 Shields
 - Level 5.0 Spellcasting
 + Level 11.1 Hexes
 - Level 3.0 Translocations
 - Level 3.0 Fire Magic


You had 8 spell levels left.
You knew the following spells:

 Your Spells              Type           Power      Damage    Failure   Level
a - Slow                  Hex            100%       N/A       1%          1
b - Inner Flame           Hex/Fire       26%        N/A       2%          3
c - Portal Projectile     Hex/Tloc       52%        N/A       2%          3
d - Cause Fear            Hex            19%        N/A       1%          4
w - Wereblood             Tmut           4%         N/A       22%         2

Your spell library contained the following spells:

 Spells                   Type           Power      Damage    Failure   Level
 Confusing Touch          Hex            39%        N/A       1%          3
 Ensorcelled Hibernation  Hex/Ice        42%        N/A       2%          2
 Beastly Appendage        Tmut           8%         N/A       16%         1
 Kiss of Death            Conj/Necr      16%        2d6       16%         1
 Magic Dart               Conj           16%        1d3       16%         1
 Sandblast                Erth           8%         2d5       16%         1
 Anguish                  Hex/Necr       10%        N/A       16%         4
 Fulminant Prism          Conj/Hex       10%        3d8       16%         4
 Kindle Blastsparks       Fire/Tloc/Air  20%        2d11      21%         3
 Call Imp                 Summ           4%         N/A       22%         2
 Cigotuvi's Dreadful Rot  Necr/Pois/Air  8%         N/A       22%         2
 Passwall                 Tmut/Erth      3%         N/A       22%         2
 Poisonous Vapours        Pois/Air       8%         N/A       22%         2
 Searing Ray              Conj           8%         2d4       22%         2
 Sublimation of Blood     Necr           4%         N/A       22%         2
 Mephitic Cloud           Conj/Pois/Air  4%         N/A       41%         3
 Spider Form              Tmut/Pois      4%         N/A       41%         3
 Stone Arrow              Conj/Erth      8%         3d7       41%         3
 Iskenderun's Mystic Bla  Conj/Tloc      8%         2d4       63%         4
 Enfeeble                 Hex            19%        N/A       80%         7
 Dispel Undead            Necr           4%         3d7       83%         4
 Lee's Rapid Deconstruct  Erth           2%         3d4*      99%         5
 Summon Hydra             Summ           2%         N/A       100%        7


Dungeon Overview and Level Annotations

Branches:
Dungeon (12/15)            Temple (1/1) D:4            Lair (0/5) D:11
    Orc (0/2) D:11        Ossuary (visited)

Altars:
Ashenzari
Dithmenos
Hepliaklqana
Makhleb
Nemelex Xobeh
Okawaru
Ru
Trog
Uskayaw
Vehumet
Xom
Yredelemnul
Zin
The Shining One

Shops:
D:10 =

Annotations:
D:5 1 runed translucent door, MrShunz's ghost, novice MiBe


Innate Abilities, Weirdness & Mutations

You are a tree.
Your roots penetrate the ground, keeping you stationary.
You cannot be teleported.
You are immune to unholy pain and torment.
Your maximum health is greatly increased.
Your equipment is partially melded.
You cannot be hasted, slowed, berserked, paralysed or teleported.
You can dig through walls and to a lower floor.
((You have a pair of large antennae on your head. (SInv)))
Your four strong arms can wield two-handed weapons with a shield.


Message History

Casting: Slow (safe; 1% risk of failure)
Confirm with . or Enter, or press ? or * to list all spells.
Aiming: Slow (safe; 1% risk of failure)
Press: ? - help, Shift-Dir - straight line, f/p - cyclops
Aim: a cyclops, quivering large rocks (lightly wounded, umbra, chance to affect: 38%)
The cyclops resists with some effort.
Your shadow mimicks your spell!
The cyclops resists with almost no effort.
The cyclops throws a large rock.
You reflect the large rock off an invisible shield around you!
The large rock hits the cyclops!!
Fire: a) +2 shortbow (flame)
Press: ? - help, Shift-Dir - straight line, f/p - cyclops
Aim: a cyclops, quivering large rocks (severely wounded, umbra, 90% to hit)
You shoot an arrow.
The arrow hits the cyclops but does no damage.
The cyclops is severely wounded.
A white ugly thing comes into view.
Fire: a) +2 shortbow (flame)
Press: ? - help, Shift-Dir - straight line, f/p - cyclops
Aim: a cyclops, quivering large rocks (severely wounded, umbra, 90% to hit)
You shoot an arrow.
The arrow hits the cyclops but does no damage.
The cyclops is severely wounded.
The cyclops throws a large rock.
The large rock hits you but does no damage.
The white ugly thing is engulfed in poison gas.
The white ugly thing is poisoned.
Fire: a) +2 shortbow (flame)
Press: ? - help, Shift-Dir - straight line, f/p - cyclops
Aim: a cyclops, quivering large rocks (severely wounded, umbra, 90% to hit)
You shoot an arrow. The arrow hits the cyclops!!
The arrow burns the cyclops.
You kill the cyclops!
Dithmenos accepts your kill.
Your shadow shoots an arrow.
The white ugly thing is engulfed in poison gas.
The white ugly thing looks even sicker.
The white ugly thing kicks you!
* * * LOW HITPOINT WARNING * * *
The white ugly thing freezes you!!
You die...

Q# ○# #. # #. . .. . ###
.#.. .. ##. .°... ..† .
..###.#####.#####.#####.#
........C..☼○..☼§(..○....
#.H......#..☼☼°○..°...#
#........# #u♣..°)..#
#...<....# #........#
#####...###+##...#.°..#
#...#....#.☼.######
#...'....#○..#...#
#...#....#...#...#
#...#....#°..#...#
#######...###'##<..#
..........#........#


You could see a white ugly thing (very poisoned).

Vanquished Creatures
  A hydra (D:12)
  2 two-headed ogres
  A boulder beetle (D:12)
  A harpy (D:12)
  3 deep elf pyromancers
  An ugly thing (D:11)
  4 manticores
  3 cyclopes
  An unseen horror (D:11)
  2 trolls
  Prince Ribbit (D:6)
  2 hornets (D:8)
  A slime creature (D:7)
  2 wraiths (Ossuary)
  A shadow (D:12)
  A vampire (D:9)
  Sigmund (D:2)
  2 wyverns
  A basilisk (D:11)
  12 yaks
  Grum (D:11)
  A steam dragon (D:7)
  4 vampire mosquitoes
  3 water moccasins
  2 swamp drakes (D:11)
  7 orc warriors
  2 ice beasts (D:6)
  A sky beast (D:8)
  4 black bears
  4 ogres
  4 centaurs
  3 wolves (D:11)
  2 phantoms
  7 kobold brigands
  3 bullfrogs
  2 necrophages (D:5)
  2 gnoll sergeants
  A scorpion (D:3)
  5 elf skeletons (D:6)
  7 wights
  4 killer bees (D:7)
  6 howler monkeys
  A human zombie (D:6)
  A crimson imp (D:11)
  4 quasits (D:4)
  7 jellies
  A gnoll bouda (D:6)
  3 hounds
  7 orc priests
  An iron imp (D:11)
  Natasha (thrice) (D:2)
  5 iguanas
  Ijyb (D:4)
  A human skeleton (D:6)
  15 orc wizards
  Terence (D:3)
  7 adders
  13 gnolls
  A shadow imp (D:11)
  2 white imps
  3 ufetubi
  2 adder zombies (Ossuary)
  3 worms
  The ghost of wpisznazwe the Sneak, a weakling NaDe (D:4)
  2 dart slugs
  52 orcs
  3 bats
  13 endoplasms
  4 giant cockroaches
  8 goblins
  8 hobgoblins
  2 jackals (D:3)
  30 kobolds
  7 quokkas
  12 ball pythons
  A ball python skeleton (Ossuary)
  4 frilled lizards
  A hobgoblin zombie (Ossuary)
  4 kobold zombies (Ossuary)
  2 orc skeletons
  4 orc zombies
  8 rats
  A bush (D:2)
367 creatures vanquished.

Vanquished Creatures (others)
  6 fungi (D:7)
  5 plants (D:2)
  5 toadstools (D:7)
16 creatures vanquished.

Grand Total: 383 creatures vanquished

Notes
Turn   | Place    | Note
-------+----------+-------------------------------------------
     0 | D:1      | Bnni the Formicid Hexslinger began the quest for the Orb.
     0 | D:1      | Reached XP level 1. HP: 15/15 MP: 2/2
   134 | D:1      | Reached XP level 2. HP: 21/21 MP: 3/3
   463 | D:1      | Reached skill level 1 in Fire Magic
   487 | D:1      | Reached XP level 3. HP: 26/26 MP: 4/4
   491 | D:1      | Learned a level 3 spell: Inner Flame
   893 | D:2      | Noticed Natasha
   906 | D:2      | HP: 1/26 [Natasha/magic dart (4)]
   911 | D:2      | Killed Natasha
   912 | D:2      | Reached XP level 4. HP: 3/33 MP: 4/6
  1162 | D:2      | Identified the +4 scale mail of Xokup {rPois rCorr SInv}
  1454 | D:2      | Noticed Sigmund
  1478 | D:2      | Killed Sigmund
  1479 | D:2      | Reached skill level 3 in Ranged Weapons
  1479 | D:2      | Reached skill level 1 in Armour
  1479 | D:2      | Reached XP level 5. HP: 26/38 MP: 5/8
  1479 | D:2      | Reached XP level 6. HP: 30/44 MP: 5/9
  1486 | D:2      | Learned a level 4 spell: Cause Fear
  1732 | D:2      | Noticed Natasha
  1741 | D:2      | Killed Natasha
  1796 | D:2      | Noticed Natasha
  1805 | D:2      | Killed Natasha
  1806 | D:2      | Reached skill level 5 in Hexes
  2486 | D:3      | Noticed an ogre
  2534 | D:3      | Killed an ogre
  2535 | D:3      | Reached XP level 7. HP: 34/51 MP: 10/10
  2828 | D:3      | Reached skill level 4 in Ranged Weapons
  2965 | D:3      | Noticed Terence
  2976 | D:3      | Killed Terence
  3284 | D:4      | Found a staircase to the Ecumenical Temple.
  3306 | Temple   | Entered the Ecumenical Temple
  3366 | Temple   | Became a worshipper of Dithmenos the Shadowed
  3406 | D:4      | Found a transporter.
  3428 | D:4      | Noticed wpisznazwe's ghost (weakling NaDe)
  3454 | D:4      | Noticed Ijyb
  3475 | D:4      | Killed Ijyb
  3587 | D:4      | Identified the amulet "Donkuhis" {Reflect rElec Slay+3
                  | SH+5}
  3703 | D:4      | Found a transporter.
  3793 | D:4      | Killed wpisznazwe's ghost
  3799 | D:4      | Reached XP level 8. HP: 41/58 MP: 10/12
  3931 | D:4      | Learned a level 3 spell: Portal Projectile
  4242 | D:4      | Reached skill level 5 in Ranged Weapons
  4692 | D:5      | Entered Level 5 of the Dungeon
  4786 | D:5      | Found a runed translucent door.
  4789 | D:5      | Noticed MrShunz's ghost (novice MiBe)
  4851 | D:5      | Reached * piety under Dithmenos
  5743 | D:6      | Reached XP level 9. HP: 65/65 MP: 13/13
  5753 | D:6      | Noticed Prince Ribbit
  5755 | D:6      | Reached skill level 6 in Ranged Weapons
  5762 | D:6      | Killed Prince Ribbit
  5763 | D:6      | Reached skill level 1 in Translocations
  6038 | D:6      | Found a sand-covered staircase.
  6052 | Ossuary  | Entered an ossuary
  6076 | Ossuary  | Reached ** piety under Dithmenos
  6114 | Ossuary  | Reached skill level 5 in Fighting
  6357 | Ossuary  | Reached skill level 7 in Ranged Weapons
  6715 | D:6      | Reached XP level 10. HP: 74/74 MP: 14/14
  6764 | D:6      | Reached skill level 5 in Armour
  7314 | D:6      | Learned a level 2 spell: Wereblood
  7860 | D:7      | Reached skill level 8 in Ranged Weapons
  7907 | D:7      | Reached *** piety under Dithmenos
  7936 | D:7      | Reached skill level 10 in Hexes
  9447 | D:8      | Reached skill level 9 in Ranged Weapons
  9665 | D:8      | Reached XP level 11. HP: 83/83 MP: 15/15
  9715 | D:8      | Reached **** piety under Dithmenos
  9751 | D:8      | Noticed a two-headed ogre
  9767 | D:8      | Killed a two-headed ogre
 10337 | D:9      | Noticed a two-headed ogre
 10356 | D:9      | Killed a two-headed ogre
 10357 | D:9      | Reached skill level 10 in Ranged Weapons
 11134 | D:9      | Found a bloodstained altar of Trog.
 11142 | D:9      | Found a glowing silver altar of Zin.
 11411 | D:10     | Entered Level 10 of the Dungeon
 11435 | D:9      | Reached ***** piety under Dithmenos
 11911 | D:10     | Found Guph's Jewellery Emporium.
 11917 | D:10     | Bought a ring of protection from fire for 400 gold pieces
 12451 | D:11     | Noticed a brown ugly thing
 12456 | D:11     | Killed a brown ugly thing
 12456 | D:11     | Noticed Grum
 12460 | D:11     | Killed Grum
 12467 | D:11     | Reached skill level 1 in Shields
 12485 | D:11     | Reached skill level 11 in Ranged Weapons
 12538 | D:11     | Noticed a cyclops
 12543 | D:11     | Reached XP level 12. HP: 91/94 MP: 17/17
 12546 | D:11     | Found a staircase to the Lair.
 12937 | D:11     | Found a staircase to the Orcish Mines.
 13349 | D:12     | Noticed a tengu warrior
 13633 | D:12     | Noticed a boulder beetle
 13663 | D:12     | Noticed a six-headed hydra
 13667 | D:12     | Killed a boulder beetle
 13668 | D:12     | Reached skill level 12 in Ranged Weapons
 13668 | D:12     | Reached skill level 5 in Spellcasting
 13676 | D:12     | Killed a six-headed hydra
 13681 | D:12     | Mangled by a white ugly thing

Illustrated notes

Levels and vault maps discovered:
D:1:      amcnicky_arrival_feature_with_door, layout_loops_corners
D:2:      layout_loops_corners, serial_forest, infiniplex_forest_lined_corner,
          infiniplex_forest_end_double, infiniplex_forest_clump_large,
          infiniplex_forest_lined_room_2, infiniplex_forest_clump_curved,
          infiniplex_forest_end_2, guppyfry_early_orc_mine, uniq_sigmund,
          uniq_natasha
D:3:      minmay_diamond_boxcup, layout_basic, uniq_terence
D:4:      layout_loops_corners, minmay_temple_entry_ruins,
          gammafunk_ghost_stat_death, uniq_ijyb
D:5:      layout_cave_pods, ebering_ghost_reflecting_pool,
          chequers_serial_rivers_room_b, nicolae_underground_beach
D:6:      layout_cave_pods, nicolae_ossuary_entry_catacombs, uniq_prince_ribbit1
D:7:      cheibrodos_fertilizer, layout_cave_pods, wad_floor_pattern_untrapped
D:8:      layout_basic, hangedman_decor_growths
D:9:      layout_basic, amethyst_overflow_temple_binary
D:10:     layout_long_grid, serial_shops, kennysheep_little_box,
          due_unseen_surprise
D:11:     layout_basic, david_lair_generic, erik_orc_1, serial_bayou_pond_c,
          hangedman_minor_magic, uniq_grum
D:12:     minmay_the_grid_square_5x5_4x4
          [minmay_the_grid_square_5x5_broken_cross,
          minmay_the_grid_square_5x5_spiral_small,
          minmay_the_grid_square_5x5_three, minmay_the_grid_square_5x5_v,
          minmay_the_grid_square_5x5_comb,
          minmay_the_grid_square_5x5_prize_rear_guard,
          minmay_the_grid_square_5x5_prize_open,
          minmay_the_grid_square_5x5_shrine2,
          minmay_the_grid_square_5x5_doubleslash,
          minmay_the_grid_square_5x5_prize_itemx,
          minmay_the_grid_square_5x5_prize_pseudospiral,
          minmay_the_grid_square_5x5_spiral, minmay_the_grid_square_5x5_n,
          minmay_the_grid_square_5x5_bracketed,
          minmay_the_grid_square_5x5_hourglass,
          minmay_the_grid_square_5x5_misaligned], layout_grid_maze,
          roderic_batcave, uniq_fannar, uniq_josephine
Temple:   nicolae_temple_bog_church

Skill      XL: |  1  2  3  4  5  6  7  8  9 10 11 12 |
---------------+-------------------------------------+-----
Hexes          | 4 5 6 7 9 10 11 | 11.1
Fire Magic     | 1 2 3 |  3.0
Fighting       | 2 3 4 5 6 8 9 |  9.3
Ranged Weapons | 3 4 5 7 9 11 12 | 12.1
Armour         | 1 2 3 4 6 8 |  8.9
Spellcasting   | 2 3 5 |  5.0
Translocations | 2 3 |  3.0
Shields        | 1 4 |  4.7
Dodging        | |  1.7

Action                     |  1- 3 |  4- 6 |  7- 9 | 10-12 || total
---------------------------+-------+-------+-------+-------++-------
   Fire: Sling             |    81 |   304 |   472 |   222 ||  1079
         Shortbow          |       |       |       |   416 ||   416
  Throw: Dart              |       |       |       |     1 ||     1
   Cast: Slow              |     2 |     5 |    20 |    14 ||    41
         Inner Flame       |       |       |     5 |    28 ||    33
         Portal Projectile |       |       |       |     5 ||     5
         Cause Fear        |       |       |       |     4 ||     4
Ability: Dig               |       |       |     1 |     2 ||     3
    Use: Scroll            |       |       |     9 |     7 ||    16
         Potion            |       |       |       |     8 ||     8
 Armour: Robe              |     4 |       |       |       ||     4
         Scale mail        |       |    40 |   252 |   170 ||   462
         Skin              |       |       |       |    35 ||    35
  Dodge: Dodged            |    21 |    51 |   272 |   193 ||   537
  Block: Other             |       |       |    53 |    81 ||   134
         Reflection        |       |       |       |    10 ||    10

Table legend: (Time is in decaauts)
 A = Elapsed time spent in this place.
 B = Non-inter-level travel time spent in this place.
 C = Inter-level travel time spent in this place.
 D = Time resting spent in this place.
 E = Time spent auto-exploring this place.
 F = Levels seen in this place.
 G = Mean time per level.
                   A        B        C        D        E       F      G
               +--------+--------+--------+--------+--------+-----+--------+
         Total |  14105 |  13664 |    441 |   1339 |   9189 |  14 | 1007.5 |
       Dungeon |  13353 |  12933 |    420 |   1026 |   9030 |  12 | 1112.8 |
        Temple |     87 |     66 |     21 |      0 |     50 |   1 |   87.0 |
       Ossuary |    664 |    664 |      0 |    313 |    108 |   1 |  664.0 |
               +--------+--------+--------+--------+--------+-----+--------+

Top non-repeatable levels by time:
     D:2: 1703 daAuts
     D:7: 1647 daAuts
     D:4: 1380 daAuts
     D:9: 1297 daAuts
     D:8: 1212 daAuts
    D:11: 1194 daAuts
     D:6: 1184 daAuts
     D:5: 1033 daAuts
     D:3: 926 daAuts
     D:1: 841 daAuts
    D:10: 799 daAuts
 Ossuary: 664 daAuts
    D:12: 133 daAuts
  Temple: 87 daAuts
